 Dungeon Crawl Stone Soup version 0.32-a0-163-g159c032296 (webtiles) character file.

Game seed: 7290942434731157013

530 zeratav the Sneak (level 7, -3/75 HPs)
             Began as an Octopode Shapeshifter on Feb 11, 2024.
             Slain by an ogre
             ... wielding a +0 giant club
              (16 damage)
             ... on level 5 of the Dungeon.
             The game lasted 00:04:35 (3891 turns).

zeratav the Sneak (Octopode Shapeshifter)           Turns: 3891, Time: 00:04:36

Health: -3/75      AC: 23    Str: 15    XL:     7   Next: 24%
Magic:  7/7        EV:  2    Int: 13    God:
Gold:   159        SH:  0    Dex: 11    Spells: 6/6 levels left

rFire   . .          .
                       - Unarmed
rCold   . . .        (no shield)
rNeg    . . .        (helmet currently unavailable)
rPois   +            (no amulet)
rElec   .            (no ring)
rCorr   .            (no ring)
SInv    .            (no ring)
Will    .....        (no ring)
Stlth   +++          (no ring)
HPRegen 0.32/turn    (no ring)
MPRegen 0.10/turn    (no ring)
                     (no ring)

%: no passive effects
@: lethally poisoned (-3 -> -7), tree-form
A: stationary, stasis, torment immunity, boosted hp, almost no armour,
(amphibious), 8 rings, (camouflage 1), (gelatinous body 1), (nimble swimmer 1),
(tentacles)
a: no special abilities


You were on level 5 of the Dungeon.
You were a tree.
You visited 1 branch of the dungeon, and saw 5 of its levels.

You collected 159 gold pieces.


Innate Abilities, Weirdness & Mutations

You are a tree.
Your roots penetrate the ground, keeping you stationary.
You cannot be teleported.
You are immune to unholy pain and torment.
Your maximum health is greatly increased.
You cannot wear most types of armour.
((You are amphibious.))
You can wear up to eight rings at the same time.
((Your skin changes colour to match your surroundings (Stealth+).))
((Your rubbery body absorbs attacks. (AC +1, EV +1)))
((You are camouflaged when in or above water. (Stealth+)))
((You have tentacles for arms and can constrict up to eight enemies at once.))


   Skills:
 - Level 5.0 Fighting
 - Level 2.0 Dodging
 - Level 5.0 Stealth
 - Level 3.0 Unarmed Combat
 + Level 4.8 Shapeshifting


You had 6 spell levels left.
You didn't know any spells.
Your spell library contained the following spells:

 Spells                   Type           Power      Damage    Failure   Level
 Sandblast                Erth           0%         2d4       30%         1
 Sting                    Conj/Alch      0%         1d3       30%         1
 Mercury Vapours          Alch/Air       0%         N/A       43%         2
 Passwall                 Erth           0%         N/A       67%         3
 Stone Arrow              Conj/Erth      0%         3d7       67%         3
 Brom's Barrelling Bould  Conj/Erth      0%         2d3       97%         4
 Olgreb's Toxic Radiance  Alch           0%         N/A       97%         4

Inventory:

Missiles
 h - 3 darts of dispersal {=fthrowing}
 o - a curare-tipped dart {=fthrowing}
Talismans
 b - a beast talisman
 c - a flux talisman
Scrolls
 e - 3 scrolls of teleportation {unknown}
 f - 4 scrolls of identify {unknown}
 q - a scroll of summoning {unknown}
 r - a scroll of enchant weapon {unknown}
 s - 2 scrolls of enchant armour {unknown}
 t - a scroll of fog {unknown}
Potions
 a - 2 potions of lignification {!q}
 d - 3 potions of brilliance {unknown}
 g - a potion of enlightenment {unknown}
 i - a potion of ambrosia {unknown}
 j - 2 potions of heal wounds {unknown}
 k - 2 potions of mutation {unknown}
 l - 4 potions of curing {unknown}
 m - 2 potions of attraction {unknown}
 n - a potion of might {unknown}
 p - a potion of haste {unknown}

Dungeon Overview and Level Annotations

Branches:
Dungeon (5/15) Zot: 26111
 Temple: D:4-7

Altars:
Cheibriados
Sif Muna

Shops:
D:4 (

Annotations:
D:3 exclusion: ogre

.##############
#.............#
#.............#
#.....$......[#
##.............#
...........[...#
#.......g.s...#
######.gO♣#+###
#.#### #.# #.#
......gg#
....gg.g#
....g...#
.O......#
.........


You could see an ogre, a gnoll bouda, a scorpion and a gnoll (swift).


Message History

There is a stone staircase leading down here.
HP[+1]
You tentacle-slap the gnoll. Your grab misses the gnoll.
The gnoll hits you with a +0 spear. The gnoll closely misses you.
HP[-6]
You take 6 damage, and now have 42/50 hp.
You tentacle-slap the gnoll. Your grab misses the gnoll. You squeeze the gnoll!
You kill the gnoll!
The gnoll attacks as it pursues you! The gnoll hits you with a +0 club.
Things that are here:
a +0 spear {polearm}; a gnoll corpse; HP[-3]
You take 3 damage, and now have 39/50 hp.
The gnoll misses you.
You tentacle-slap the gnoll. You grab the gnoll. You squeeze the gnoll.
You constrict the gnoll. The gnoll closely misses you.
You bludgeon the gnoll!
You kill the gnoll!
There is a stone staircase leading down here.
Things that are here:
a +0 club {mace}; a gnoll corpse; HP[+1]
You start resting.
HP[+10]
Your hp is fully restored (50).
You climb downwards.
The gnoll hits you with a +0 whip. The gnoll closely misses you. x2
There is a stone staircase leading up here.
HP[-5]
You take 5 damage, and now have 45/50 hp.
The gnoll closely misses you. The gnoll misses you.
The gnoll bouda barks out a call to the hunt!
The gnolls pick up the pace!
You climb upwards.
There is a stone staircase leading down here.
Things that are here:
a +0 club {mace}; a gnoll corpse; HP[+1]
You closely miss the gnoll. You grab the gnoll. You constrict the gnoll.
The gnoll hits you with a +0 whip.
HP[-6]
You take 6 damage, and now have 40/50 hp.
You tentacle-slap the gnoll. You squeeze the gnoll. You constrict the gnoll.
The gnoll hits you with a +0 whip.
HP[-4]
You take 4 damage, and now have 36/50 hp.
You tentacle-slap the gnoll. You squeeze the gnoll.
You kill the gnoll!
HP[+1]
Items here: )) ††.
You start resting.
HP[+13]
Your hp is fully restored (50).
There is a stone staircase leading down, spattered with blood here.
Things that are here:
a +0 club {mace}; a gnoll corpse You climb downwards.
The scorpion stings you!
The gnoll bouda barks out a call to the hunt!
The gnoll picks up the pace!
The scorpion stings you.
You are poisoned.
The scorpion poisons you!
There is a stone staircase leading up here.
HP[-11]
You take 11 damage, and now have 39/50 hp.
MASSIVE DAMAGE!! (PAUSE) Unknown command.
Your transformation has ended.
You turn into a tree.
Your roots penetrate the ground.
You feel very sick. The ogre hits you with a +0 giant club.
The gnoll hits you but does no damage.
The scorpion stings you but does no damage.
HP[+11]
You now have 75 max hp (+25).
You regained 11 hp, and now have 50/75 hp.
You barely miss the scorpion.
You feel sick.
The gnoll bouda hits you but does no damage.
The ogre hits you with a +0 giant club.
The scorpion stings you but does no damage.
The gnoll hits you from afar with a +0 spear.
HP[-9]
You take 9 damage, and now have 41/75 hp.
You smack the scorpion!
You feel sick.
The gnoll bouda hits you but does no damage.
The scorpion stings you but does no damage.
The gnoll hits you but does no damage.
HP[-2]
You take 2 damage, and now have 39/75 hp.
You hit the scorpion.
You feel sick.
The ogre hits you with a +0 giant club!!
* * * LOW HITPOINT WARNING * * *
The gnoll bouda hits you but does no damage.
The scorpion stings you but does no damage.
HP[-23]
You take 23 damage, and now have 16/75 hp.
MASSIVE DAMAGE!! (PAUSE)
You hit the scorpion but do no damage.
You feel sick.
The gnoll hits you from afar with a +0 spear.
* * * LOW HITPOINT WARNING * * *
The gnoll bouda hits you but does no damage.
The scorpion stings you but does no damage.
The ogre hits you with a +0 giant club!
You die...

Skill      XL: |  1  2  3  4  5  6 |
---------------+-------------------+-----
Stealth        | 2 3 5 |  5.0
Fighting       | 3 4 5 |  5.0
Shapeshifting  | 4 |  4.8
Dodging        | |  2.0
Unarmed Combat | |  3.0

Action                     |  1- 3 |  4- 6 |  7- 9 || total
---------------------------+-------+-------+-------++-------
  Melee: Unarmed           |    66 |    84 |    29 ||   179
         Constrict         |    11 |    27 |     7 ||    45
         Tentacles         |     8 |    24 |     6 ||    38
         Punch             |     1 |     2 |     1 ||     4
   Fire: Hand cannon       |       |     4 |       ||     4
    Use: Potion            |       |       |     1 ||     1
   Stab: Sleeping          |     4 |    10 |     7 ||    21
         Distracted        |     1 |       |       ||     1
 Armour: Skin              |    35 |    34 |    29 ||    98
  Dodge: Dodged            |    41 |    41 |    14 ||    96

Levels and vault maps discovered:
D:1:      mrwooster_arrival_statue_3, layout_loops_ring
D:2:      layout_rooms, ebering_ecumenical_altar_webs, basic_altar,
          hangedman_decor_points
D:3:      minmay_general_purpose_star, layout_basic, general_overflow_altar,
          grunt_ministairs_2
D:4:      layout_basic, serial_shops, nicolae_shop_bloodbath_and_beyond
D:5:      layout_basic, nicolae_overflow_hidden_temple, lemuel_flamethrower_2

Notes
Turn   | Place    | Note
-------+----------+-------------------------------------------
     0 | D:1      | zeratav the Octopode Shapeshifter began the quest for the
                  | Orb.
     0 | D:1      | Reached XP level 1. HP: 13/13 MP: 1/1
     0 | D:1      | magus.rc [v1.9.6]
    42 | D:1      | Reached skill level 1 in Stealth
    74 | D:1      | HP: 2/13 [endoplasm (3)]
    76 | D:1      | Reached skill level 2 in Stealth
    79 | D:1      | HP: 2/13 [bat (1)]
    81 | D:1      | Reached XP level 2. HP: 3/18 MP: 2/2
   339 | D:1      | Reached skill level 3 in Stealth
   801 | D:2      | Reached XP level 3. HP: 23/23 MP: 3/3
   810 | D:2      | Reached skill level 4 in Stealth
   871 | D:2      | Found a snail-covered altar of Cheibriados.
  1010 | D:2      | Reached skill level 5 in Stealth
  1064 | D:2      | Found a faded altar of an unknown god.
  1087 | D:2      | HP: 4/23 [quokka (2)]
  1089 | D:2      | Reached XP level 4. HP: 6/28 MP: 4/4
  1187 | D:2      | You pick up a book of Geomancy and begin reading...
  1187 | D:2      | You add the spells Sandblast, Passwall, Stone Arrow and
                  | Brom's Barrelling Boulder to your library.
  1561 | D:3      | Noticed a kobold brigand
  1573 | D:3      | Killed a kobold brigand
  1574 | D:3      | Reached skill level 3 in Fighting
  1574 | D:3      | Reached XP level 5. HP: 19/36 MP: 5/5
  1669 | D:3      | Noticed an ogre
  1904 | D:3      | Found a shimmering blue altar of Sif Muna.
  2367 | D:3      | Reached skill level 4 in Fighting
  2409 | D:4      | HP: 9/37 [orc/+0 morningstar (13)]
  2583 | D:4      | Reached XP level 6. HP: 30/44 MP: 6/6
  2776 | D:4      | Reached skill level 5 in Fighting
  2995 | D:4      | You add the spells Sting, Mercury Vapours and Olgreb's
                  | Toxic Radiance to your library.
  3154 | D:4      | Reached skill level 4 in Shapeshifting
  3193 | D:4      | Reached XP level 7. HP: 48/50 MP: 7/7
  3222 | D:4      | Found Uppur's Weapon Boutique.
  3770 | D:5      | Entered Level 5 of the Dungeon
  3890 | D:5      | HP: 16/75 [ogre/+0 giant club (22)]
  3891 | D:5      | Slain by an ogre

Vanquished Creatures
  A kobold brigand (D:3)
  A scorpion (D:4)
  2 bombardier beetles (D:4)
  A gnoll bouda (D:4)
  2 hounds (D:4)
  8 gnolls
  9 adders
  A dart slug (D:1)
  2 ribbon worms (D:4)
  8 orcs
  4 endoplasms
  4 giant cockroaches
  2 goblins
  6 hobgoblins
  7 quokkas
  5 ball pythons
  5 bats
  5 frilled lizards
  5 kobolds
  4 rats
82 creatures vanquished.

Vanquished Creatures (others)
  A hound (D:5)
1 creature vanquished.

Grand Total: 83 creatures vanquished

Table legend:
 A = Non-vault XP
 B = Vault XP
 C = Vault XP percentage of total XP
 D = Non-vault monster count
 E = Vault monster count
 F = Vault count percentage of total count
                 A         B        C        D         E       F
            +---------+---------+-------+---------+---------+-------
      Total |     739 |      19 |   2.5 |      78 |       4 |   4.9
            +---------+---------+-------+---------+---------+-------
        D:1 |      33 |       0 |   0.0 |      21 |       0 |   0.0
        D:2 |      76 |       0 |   0.0 |      18 |       0 |   0.0
        D:3 |     132 |      19 |  12.6 |       9 |       4 |  30.8
        D:4 |     484 |       0 |   0.0 |      29 |       0 |   0.0
        D:5 |      14 |       0 |   0.0 |       1 |       0 |   0.0
            +---------+---------+-------+---------+---------+-------

Skill      XL: |  1  2  3  4  5  6 |
---------------+-------------------+-----
Stealth        | 2 3 5 |  5.0
Fighting       | 3 4 5 |  5.0
Shapeshifting  | 4 |  4.8
Dodging        | |  2.0
Unarmed Combat | |  3.0

Action                     |  1- 3 |  4- 6 |  7- 9 || total
---------------------------+-------+-------+-------++-------
  Melee: Unarmed           |    66 |    84 |    29 ||   179
         Constrict         |    11 |    27 |     7 ||    45
         Tentacles         |     8 |    24 |     6 ||    38
         Punch             |     1 |     2 |     1 ||     4
   Fire: Hand cannon       |       |     4 |       ||     4
    Use: Potion            |       |       |     1 ||     1
   Stab: Sleeping          |     4 |    10 |     7 ||    21
         Distracted        |     1 |       |       ||     1
 Armour: Skin              |    35 |    34 |    29 ||    98
  Dodge: Dodged            |    41 |    41 |    14 ||    96

Illustrated notes

Table legend:
 A = Kills in this place as a percentage of kills in the entire game.
 B = Kills by you in this place as a percentage of kills by you in the entire game.
 C = Kills by friends in this place as a percentage of kills by friends in the entire game.
 D = Other kills in this place as a percentage of other kills in the entire game.
 E = Experience gained in this place as a percentage of experience gained in the entire game.
 F = Experience gained in this place divided by the number of levels of this place that you have seen.
                   A       B       C       D       E      F
               +-------+-------+-------+-------+-------+----------------------
         Total | 100.0 | 100.0 |   N/A |   N/A | 100.0 | 151.6
       Dungeon | 100.0 | 100.0 |   N/A |   N/A | 100.0 | 151.6
               +-------+-------+-------+-------+-------+----------------------

Table legend: (Time is in decaauts)
 A = Elapsed time spent in this place.
 B = Non-inter-level travel time spent in this place.
 C = Inter-level travel time spent in this place.
 D = Time resting spent in this place.
 E = Time spent auto-exploring this place.
 F = Levels seen in this place.
 G = Mean time per level.
                   A        B        C        D        E       F      G
               +--------+--------+--------+--------+--------+-----+--------+
         Total |   3887 |   3796 |     91 |    557 |   2684 |   5 |  777.4 |
       Dungeon |   3887 |   3796 |     91 |    557 |   2684 |   5 |  777.4 |
               +--------+--------+--------+--------+--------+-----+--------+

Top non-repeatable levels by time:
     D:4: 1358 daAuts
     D:3: 961 daAuts
     D:1: 792 daAuts
     D:2: 750 daAuts
     D:5: 25 daAuts
